 Dungeon Crawl Stone Soup version 0.26-a0-639-g72c4674329 (webtiles) character file.

Game seed: 5781848463082004992

46 Gottschkopf the Ruffian (level 3, -3/28 HPs)
             Began as a Draconian Transmuter on Sept 17, 2020.
             Killed by divine providence
             ... invoked by an orc priest
              (16 damage)
             ... on level 2 of the Dungeon.
             The game lasted 00:01:46 (1466 turns).

Gottschkopf the Ruffian (Draconian Transmuter)      Turns: 1466, Time: 00:01:47

Health: -3/28      AC:  5    Str: 12    XL:     3   Next: 44%
Magic:  4/6        EV: 12    Int: 14    God:
Gold:   86         SH:  0    Dex: 11    Spells: 0/6 levels left

rFire    . . .     SeeInvis .     - Unarmed
rCold    . . .     Faith    .   (no shield)
rNeg     . . .     Spirit   .   (armour unavailable)
rPois    .         Reflect  .   (helmet currently unavailable)
rElec    .         Harm     .   (no cloak)
rCorr    .         Rampage  .   (no gloves)
MR       .....                  (boots currently unavailable)
Stlth    +.........             (no amulet)
HPRegen  0.09/turn              (no ring)
MPRegen  0.10/turn              (no ring)

@: lethally poisoned (-3 -> -4), appendages (expiring), wereblooded
A: unfitting armour, horns 2, talons 2, cold-blooded, AC +5
a: End Transformation


You were on level 2 of the Dungeon.
You had grown temporary horns.
You had grown temporary talons.
You visited 1 branch of the dungeon, and saw 2 of its levels.

You collected 86 gold pieces.

Inventory:

Armour
 a - a +0 pair of boots (melded)
Scrolls
 b - a scroll of teleportation {unknown}
 c - 4 scrolls of identify {unknown}
 d - a scroll of enchant armour {unknown}


   Skills:
 - Level 1.1 Fighting
 - Level 1.7 Dodging
 - Level 4.2 Unarmed Combat
 - Level 2.0 Spellcasting
 * Level 2.3 Transmutations
 + Level 0.3 Poison Magic


You couldn't memorise any spells.
You knew the following spells:

 Your Spells              Type           Power        Failure   Level
a - Beastly Appendage     Tmut           #.....       9%          1
b - Spider Form           Tmut/Pois      #.........   38%         3
c - Wereblood             Tmut           #.......     14%         2

Your spell library contained the following spells:

 Spells                   Type           Power        Failure   Level
 Ice Form                 Ice/Tmut       #.......     82%         4
 Blade Hands              Tmut           #.........   94%         5


Dungeon Overview and Level Annotations

Branches:
Dungeon (2/15)

Altars:


Innate Abilities, Weirdness & Mutations

Your plain brown scales are hard. (AC +5)
You cannot fit into any form of body armour.
You are cold-blooded and may be slowed by cold attacks.
You have a pair of horns on your head.
You have razor-sharp toenails.


Message History

Unknown command.
You miss the adder. Your kick misses the adder.
Your tail-slap misses the adder.
The adder bites you. The orc hits you but does no damage.
You punch the adder!
The adder is severely wounded.
You feel sick. The adder bites you. The orc hits you with a +0 dagger.
The adder barely misses you.
Found a scroll labeled WOVVUX ACKO.
The orc priest miscasts a cantrip.
You feel sick. The adder closely misses you.
You feel sick. The adder bites you.
The orc priest miscasts a cantrip.
There is a stone staircase leading up here.
Your transformation is almost over.
The adder completely misses you.
The orc priest calls down the wrath of Beogh upon you.
Beogh smites you!
Ouch! That really hurt!
You die...

##.#.#....##...# ##.####.#...
#.#.#....##...#####.####.#.###
##.#.#######.#.##.#...........#
..<...# #.#.##.#..###....o.#
......# #.#..#....o....#.#..o.
......# #.#..#.#..###..#.#....
......######.#..#.#..............
..................o...#...#.#.#..
......##.##....#@S##.##........
####......#....#..##.##...#.#...
#...(......(.†(..........#...#
#........).###..#.#.#..... ...
#............#.........($.... ..
#........#...#.##........#...?
#....##.######. #...#....
#######.# # ##..# #.. ... ..# .


You could see an orc priest, an adder and an orc.

Vanquished Creatures
  An ooze (D:1)
  3 dart slugs (D:1)
  A leopard gecko (D:1)
  2 giant cockroaches (D:1)
  7 goblins
  5 hobgoblins
  5 frilled lizards
  5 kobolds (D:1)
  4 rats (D:1)
33 creatures vanquished.

Notes
Turn   | Place    | Note
-------+----------+-------------------------------------------
     0 | D:1      | Gottschkopf the Draconian Transmuter began the quest for
                  | the Orb.
     0 | D:1      | Reached XP level 1. HP: 16/16 MP: 3/3
   457 | D:1      | Reached XP level 2. HP: 23/23 MP: 3/5
   703 | D:1      | Reached skill level 4 in Unarmed Combat
   866 | D:1      | Learned a level 2 spell: Wereblood
   944 | D:1      | Reached XP level 3. HP: 28/28 MP: 4/6
   952 | D:1      | Learned a level 3 spell: Spider Form
  1466 | D:2      | Killed from afar by an orc priest

Illustrated notes

Levels and vault maps discovered:
D:1:      saegor_arrival_simple_c, layout_loops_corners
D:2:      layout_basic, chequers_ecumenical_altar_simple_redux, uniq_terence

Skill      XL: |  1  2 |
---------------+-------+-----
Unarmed Combat | 4 |  4.2
Fighting       | |  1.1
Dodging        | |  1.7
Spellcasting   | |  2.0
Transmutations | |  2.3
Poison Magic   | |  0.3

Action                   || total
-------------------------++-------
Melee: Unarmed           ||    87
       Kick              ||     9
       Tailslap          ||     8
       Headbutt          ||     7
       Punch             ||     1
 Cast: Beastly Appendage ||    29
       Wereblood         ||     1
 Stab: Sleeping          ||     1
Armor: Skin              ||    18
Dodge: Dodged            ||    35

Table legend: (Time is in decaauts)
 A = Elapsed time spent in this place.
 B = Non-inter-level travel time spent in this place.
 C = Inter-level travel time spent in this place.
 D = Time resting spent in this place.
 E = Time spent auto-exploring this place.
 F = Levels seen in this place.
 G = Mean time per level.
                   A        B        C        D        E       F      G
               +--------+--------+--------+--------+--------+-----+--------+
         Total |   1459 |   1450 |      9 |      0 |   1217 |   2 |  729.5 |
       Dungeon |   1459 |   1450 |      9 |      0 |   1217 |   2 |  729.5 |
               +--------+--------+--------+--------+--------+-----+--------+

Top non-repeatable levels by time:
     D:1: 1345 daAuts
     D:2: 114 daAuts
